 Dungeon Crawl Stone Soup version 0.30-a0-219-gf2db51d15e (webtiles) character file.

Game seed: 273814240445039895

20850 zishaf the Bewitcher (level 12, -7/90 (98) HPs)
             Began as a Vampire Enchanter on Oct 7, 2022.
             Was a High Priest of Wu Jian.
             Killed from afar by a necromancer (23 damage)
             ... with a bolt of negative energy
             ... on level 12 of the Dungeon.
             The game lasted 00:29:53 (9769 turns).

zishaf the Bewitcher (Vampire Enchanter)            Turns: 9769, Time: 00:29:54

HP:   -7/90 (98)    AC: 12    Str:  7    XL:     12   Next: 49%
MP:   14/18         EV: 16    Int: 22    God:    Wu Jian [*****.]
Gold: 366           SH:  7    Dex: 15    Spells: 11/19 levels left

rFire   . . .      SeeInvis +    V - +2 dagger (venom)
rCold   + . .      Faith    .    X - +2 buckler
rNeg    . . .      Spirit   .    S - +2 robe {rC+}
rPois   .          Reflect  .    h - +1 helmet
rElec   .          Harm     .    G - +0 cloak
rCorr   .          Rampage  .    (no gloves)
Will    +....                    p - +0 pair of boots
Stlth   +++++.....               x - amulet of magic regeneration
HPRegen 0.55/turn                H - +4 ring of evasion
MPRegen 0.56/turn                o - +4 ring of protection

@: healing quickly, drained
A: alive, fangs 3, see invisible, vampiric 2
a: Exsanguinate, Renounce Religion, Wall Jump, Serpent's Lash, Heavenly Storm


You were on level 12 of the Dungeon.
You worshipped Wu Jian.
Wu Jian was extremely pleased with you.
You visited 1 branch of the dungeon, and saw 12 of its levels.

You collected 784 gold pieces.
You spent 418 gold pieces at shops.

Inventory:

Hand Weapons
 a - a +1 dagger of freezing
 b - a +2 sling of flaming
 V - a +2 dagger of venom (weapon)
Missiles
 U - 2 throwing nets
Armour
 h - a +1 helmet (worn)
 p - a +0 pair of boots (worn)
 G - a +0 cloak (worn)
 S - a +2 robe of cold resistance (worn)
 X - a +2 buckler (worn)
Jewellery
 d - a +6 ring of intelligence
 o - a +4 ring of protection (right hand)
 s - a ring of resist corrosion
 w - a ring of positive energy
 x - an amulet of magic regeneration (around neck)
 B - a ring of positive energy
 H - a +4 ring of evasion (left hand)
 I - a ring of willpower
 L - a ring of fire
 Q - a ring of flight
 R - a ring of wizardry
Wands
 A - a wand of roots (11)
 D - a wand of charming (6)
 E - a wand of flame (7)
 J - a wand of acid (8)
 O - a wand of polymorph (6)
 P - a wand of mindburst (10)
Scrolls
 g - 2 scrolls of enchant armour
 i - 4 scrolls of blinking
 k - 4 scrolls of torment
 u - 2 scrolls of summoning
 v - 7 scrolls of teleportation
 y - 2 scrolls of fear
 C - a scroll of poison
 K - a scroll of magic mapping
Potions
 c - 2 potions of invisibility
 e - 3 potions of lignification
 f - 7 potions of curing
 j - 4 potions of haste
 l - a potion of brilliance {unknown}
 m - 3 potions of mutation
 q - 7 potions of attraction
 r - a potion of cancellation
 t - 2 potions of might {unknown}
 z - a potion of berserk rage {unknown}
 F - 2 potions of degeneration {unknown}
 M - a potion of flight {unknown}
 N - a potion of resistance {unknown}
 T - 2 potions of magic {unknown}


   Skills:
 + Level 10.5 Fighting
 - Level 8.0 Short Blades
 - Level 2.1 Dodging
 + Level 11.2 Stealth
 - Level 5.0 Shields
 - Level 4.0 Spellcasting
 + Level 16.6 Hexes
 - Level 4.0 Ice Magic
 - Level 4.0 Evocations


You had 11 spell levels left.
You knew the following spells:

 Your Spells              Type           Power      Damage    Failure   Level
a - Ensorcelled Hibernat  Hex/Ice        98%        N/A       1%          2
c - Tukima's Dance        Hex            67%        N/A       1%          3
A - Confusing Touch       Hex            67%        N/A       1%          3

Your spell library contained the following spells:

 Spells                   Type           Power      Damage    Failure   Level
 Dazzling Flash           Conj/Hex       82%        N/A       1%          3
 Inner Flame              Hex/Fire       41%        N/A       1%          3
 Apportation              Tloc           8%         N/A       14%         1
 Foxfire                  Conj/Fire      16%        2x1d4     14%         1
 Blink                    Tloc           8%         N/A       22%         2
 Cigotuvi's Dreadful Rot  Necr/Pois/Air  8%         N/A       22%         2
 Momentum Strike          Conj/Tloc      8%         3d8       22%         2
 Passwall                 Tmut/Erth      3%         N/A       22%         2
 Poisonous Vapours        Pois/Air       8%         N/A       22%         2
 Gell's Gravitas          Tloc           4%         N/A       38%         3
 Lesser Beckoning         Tloc           8%         N/A       38%         3
 Mephitic Cloud           Conj/Pois/Air  4%         N/A       38%         3
 Swiftness                Air            4%         N/A       38%         3
 Teleport Other           Tloc           4%         N/A       38%         3
 Flame Wave               Conj/Fire      4%         2d5       80%         4
 Iskenderun's Mystic Bla  Conj/Tloc      4%         2d3       80%         4
 Sticky Flame             Conj/Fire      4%         2d3       80%         4
 Alistair's Intoxication  Tmut/Pois      2%         N/A       98%         5
 Fireball                 Conj/Fire      2%         3d4       98%         5
 Dispersal                Tloc           2%         N/A       100%        6
 Starburst                Conj/Fire      2%         6d3       100%        6


Dungeon Overview and Level Annotations

Branches:
Dungeon (12/15)            Temple (0/1) D:5            Lair (0/5) D:8
    Orc (0/2) D:12

Altars:
Ashenzari
Cheibriados
Dithmenos
Hepliaklqana
Kikubaaqudgha
Sif Muna
Trog
Wu Jian
Xom
Yredelemnul

Shops:
D:1 *   D:7 ??[

Annotations:
D:12 3 runed translucent doors


Innate Abilities, Weirdness & Mutations

Your natural rate of healing is accelerated.
You have razor-sharp teeth.
You have supernaturally acute eyesight. (SInv)
You are afflicted with vampirism and can become a bat while bloodless.


Message History

Aiming: Ensorcelled Hibernation (safe; 1% risk of failure)
Press: ? - help, Shift-Dir - straight line, f/p - necromancer
Aim: a necromancer, wielding a +3 spear and wearing a +0 robe (chance to affect: 36%)
The necromancer easily resists.
The necromancer points at you and mumbles some strange words.
The bolt of negative energy hits you!!
You feel drained.
* * * LOW HITPOINT WARNING * * *
The bolt of negative energy hits the skeletal warrior.
The skeletal warrior completely resists.
Casting: Ensorcelled Hibernation (safe; 1% risk of failure)
Confirm with . or Enter, or press ? or * to list all spells.
Aiming: Ensorcelled Hibernation (safe; 1% risk of failure)
Press: ? - help, Shift-Dir - straight line, f/p - necromancer
Aim: a necromancer, wielding a +3 spear and wearing a +0 robe (chance to affect: 36%)
The necromancer easily resists.
The necromancer misses you.
You spin and attack the necromancer.
You hit the necromancer.
The necromancer is poisoned.
Your bite misses the necromancer.
The necromancer is lightly wounded.
The skeletal warrior throws a stone.
The stone closely misses you.
The necromancer hits you with a +3 spear.
* * * LOW HITPOINT WARNING * * *
A shadow comes into view.
You spin and attack the necromancer repeatedly.
You closely miss the necromancer.
The necromancer is lightly wounded.
You hit the necromancer.
The necromancer looks as sick as possible!
The necromancer is lightly wounded.
The necromancer closely misses you. You block the necromancer's attack.
A centaur warrior skeleton comes into view.
The shadow slips into darkness.
The shadow flickers and vanishes for a moment.
The necromancer gestures wildly while chanting.
The necromancer binds the souls of nearby monsters.
You spin and attack the shadow.
You hit the shadow but do no damage. You bite the shadow, but do no damage.
The shadow barely misses you. The necromancer casts a spell at you.
The bolt of negative energy hits you!!
You feel drained.
You die...

≈≈≈≈≈~≈~..........<..........#...
≈≈≈≈~..............).<.))....#...
≈≈≈≈...≈~####.....[######(...#...
≈≈≈≈~.~.≈# #.^....#....'....#...
≈≈≈~.≈~≈~# #..[)..#....##...#...
....≈≈≈~.# #......#.....#...####
.....≈≈.⌠# #...<..#.....#..)....
..>.....## #......#.....#..)....
........#####..W@..#####+#.......
.######...Z......................
.# #.......................... .#
#.......................... .#
#......zp.................. .#
#.......###########........ .#
#.......# #...##### .# #.......#
#...'...) .######.......#
#...#....


You could see a skeletal warrior, a necromancer (very poisoned), a shadow
(invisible) and a centaur warrior skeleton.

Vanquished Creatures
  Harold (D:10)
  4 two-headed ogres
  A deep elf pyromancer (D:12)
  An ugly thing (D:12)
  A cyclops (D:12)
  6 centaur zombies (D:12)
  A manticore (D:11)
  An elephant (D:8)
  Maurice (D:8)
  3 kobold demonologists
  2 unseen horrors
  2 gargoyles (D:12)
  5 centaur skeletons (D:12)
  2 komodo dragons (D:12)
  2 polar bears (D:10)
  2 trolls
  A hornet (D:7)
  A meliai zombie (D:12)
  4 flying skulls (D:12)
  3 wyverns
  7 shadows
  2 wraiths (D:12)
  13 yaks
  3 vampire mosquitoes (D:12)
  A basilisk (D:8)
  A water moccasin (D:9)
  An acid dragon (D:10)
  2 ice beasts (D:12)
  2 black bears
  7 orc warriors
  2 ogres
  A centaur (D:11)
  2 kobold brigands
  Blork the orc (D:6)
  A bullfrog (D:7)
  A gnoll sergeant (D:6)
  4 scorpions
  4 wights
  A howler monkey (D:10)
  2 gnoll boudas (D:10)
  5 hounds
  12 orc priests
  2 iguanas
  A boggart zombie (D:12)
  12 orc wizards
  20 gnolls
  6 adders
  A shadow imp (D:5)
  2 white imps
  2 ufetubi
  A worm (D:2)
  4 dart slugs
  48 orcs
  5 ball pythons
  8 endoplasms
  A giant cockroach (D:1)
  8 goblins
  4 hobgoblins
  5 jackals
  17 kobolds
  4 quokkas
  A bat (D:2)
  6 frilled lizards
  2 rats (D:3)
279 creatures vanquished.

Vanquished Creatures (collateral kills)
  A wight (D:12)
  A kobold (D:12)
2 creatures vanquished.

Vanquished Creatures (others)
  4 plants (D:9)
4 creatures vanquished.

Grand Total: 285 creatures vanquished

Notes
Turn   | Place    | Note
-------+----------+-------------------------------------------
     0 | D:1      | zishaf the Vampire Enchanter began the quest for the Orb.
     0 | D:1      | Reached XP level 1. HP: 13/13 MP: 3/3
   125 | D:1      | Reached XP level 2. HP: 16/20 MP: 5/5
   294 | D:1      | Found Tibby's Assorted Antiques.
   310 | D:1      | Learned a level 2 spell: Ensorcelled Hibernation
   866 | D:2      | Reached skill level 1 in Fighting
   935 | D:2      | Gained mutation: You are afflicted with vampirism and can
                  | become a bat while bloodless. [Vampire growth]
   935 | D:2      | Reached XP level 3. HP: 26/26 MP: 6/6
   957 | D:2      | Learned a level 3 spell: Confusing Touch
  1015 | D:2      | Reached skill level 5 in Stealth
  1294 | D:3      | Reached skill level 5 in Hexes
  1345 | D:3      | Reached skill level 1 in Ice Magic
  1391 | D:3      | Reached XP level 4. HP: 23/32 MP: 2/7
  1627 | D:3      | Found a shadowy altar of Dithmenos.
  1994 | D:3      | Found an ornate altar of the Wu Jian Council.
  2001 | D:3      | Became a worshipper of the Wu Jian Council
  2492 | D:4      | Found a basalt altar of Yredelemnul.
  2522 | D:4      | Reached XP level 5. HP: 38/38 MP: 6/8
  2573 | D:4      | Learned a level 3 spell: Tukima's Dance
  2598 | D:4      | Reached skill level 6 in Hexes
  2598 | D:4      | Reached XP level 6. HP: 44/44 MP: 7/9
  2785 | D:4      | Identified the +3 mace of Seolocle {spect, *Noise rPois
                  | Int+8 Dex-3}
  2842 | D:4      | Reached * piety under Wu Jian
  3070 | D:4      | Found a shimmering blue altar of Sif Muna.
  3070 | D:4      | Found a snail-covered altar of Cheibriados.
  3211 | D:5      | Entered Level 5 of the Dungeon
  3231 | D:5      | Reached XP level 7. HP: 51/51 MP: 10/10
  3467 | D:5      | Found a staircase to the Ecumenical Temple.
  3684 | D:5      | Reached skill level 7 in Hexes
  3723 | D:5      | Identified the +5 ring mail of Eternal Vigilance {Harm
                  | rCorr Int-4 SInv}
  3886 | D:6      | Noticed Blork the orc
  3908 | D:6      | Reached ** piety under Wu Jian
  3919 | D:6      | Killed Blork the orc
  4030 | D:6      | Reached XP level 8. HP: 58/58 MP: 11/11
  4264 | D:6      | Reached skill level 5 in Short Blades
  4437 | D:7      | Found an ancient bone altar of Kikubaaqudgha.
  4498 | D:6      | Reached skill level 8 in Hexes
  4666 | D:7      | Found Tiarchaf's Antique Armour Emporium.
  4706 | D:7      | Found Bolimp's Magic Scroll Emporium.
  4747 | D:7      | Found Atudd's Magic Scroll Shop.
  4772 | D:7      | Found a broken altar of Ashenzari.
  4982 | D:7      | Found a shimmering altar of Xom.
  4985 | D:7      | Noticed a hornet
  4991 | D:7      | Killed a hornet
  4992 | D:7      | Reached skill level 9 in Hexes
  5071 | D:7      | Bought a scroll of blinking for 105 gold pieces
  5266 | D:1      | Bought a scroll of summoning for 313 gold pieces
  5542 | D:8      | Reached XP level 9. HP: 67/67 MP: 12/12
  5555 | D:8      | Noticed Maurice
  5582 | D:8      | Killed Maurice
  5583 | D:8      | Reached skill level 5 in Fighting
  5797 | D:8      | Found a staircase to the Lair.
  5797 | D:8      | Noticed an elephant
  5815 | D:8      | Reached skill level 10 in Hexes
  5815 | D:8      | Reached skill level 1 in Evocations
  5821 | D:8      | Killed an elephant
  6156 | D:9      | Noticed a troll
  6189 | D:9      | Killed a troll
  6344 | D:8      | Reached *** piety under Wu Jian
  6378 | D:9      | Reached XP level 10. HP: 34/76 MP: 8/15
  6494 | D:9      | Found a faded altar of an unknown god.
  6494 | D:9      | Found a faded altar of an unknown god.
  6496 | D:9      | Found a hazy altar of Hepliaklqana.
  6496 | D:9      | Found a faded altar of an unknown god.
  6544 | D:9      | You fall into a shaft and drop 3 floors!
  6561 | D:12     | Noticed a soul eater
  6584 | D:10     | Entered Level 10 of the Dungeon
  6650 | D:9      | Reached skill level 11 in Hexes
  6892 | D:10     | Noticed a two-headed ogre
  6900 | D:10     | Killed a two-headed ogre
  7019 | D:10     | Reached skill level 12 in Hexes
  7111 | D:10     | Found a bloodstained altar of Trog.
  7304 | D:10     | Reached skill level 13 in Hexes
  7431 | D:10     | Noticed Harold
  7448 | D:10     | Killed Harold
  7906 | D:11     | Reached XP level 11. HP: 86/86 MP: 15/17
  7908 | D:11     | Reached **** piety under Wu Jian
  7990 | D:11     | Identified the +5 flail of Defiance {venom, Drain rPois
                  | Int+3}
  8141 | D:11     | Noticed a two-headed ogre
  8145 | D:11     | Killed a two-headed ogre
  8145 | D:11     | Reached skill level 14 in Hexes
  8187 | D:11     | Noticed a two-headed ogre
  8193 | D:11     | Killed a two-headed ogre
  8652 | D:12     | Reached skill level 1 in Shields
  8736 | D:12     | Reached skill level 15 in Hexes
  8740 | D:12     | Found a runed translucent gate.
  8741 | D:12     | Found a runed translucent gate.
  8741 | D:12     | Found a runed translucent gate.
  8847 | D:12     | Found a staircase to the Orcish Mines.
  8895 | D:12     | Noticed a two-headed ogre
  9021 | D:12     | Killed a two-headed ogre
  9036 | D:12     | Noticed a deep elf pyromancer
  9040 | D:12     | Killed a deep elf pyromancer
  9140 | D:12     | Reached XP level 12. HP: 41/97 MP: 11/18
  9169 | D:12     | Reached skill level 10 in Fighting
  9212 | D:12     | Reached skill level 16 in Hexes
  9249 | D:12     | Reached skill level 10 in Stealth
  9311 | D:12     | Reached ***** piety under Wu Jian
  9575 | D:12     | Reached skill level 5 in Shields
  9769 | D:12     | Killed from afar by a necromancer

Illustrated notes

Levels and vault maps discovered:
D:1:      lemuel_arrival_river_bridge, layout_loops_ring, serial_shops,
          shop_coins
D:2:      layout_rooms
D:3:      layout_basic, nicolae_dithmenos_shadow_blocks,
          nzn_wu_jian_contemplation, elyvilon_altar_5,
          chequers_serial_rivers_room_b
D:4:      layout_loops_ring, general_overflow_altar,
          nicolae_overflow_two_pavilions, hangedman_decor_opposing,
          chequers_decorated_corner
D:5:      layout_loops_ring, minmay_temple_entry_junction
D:6:      layout_basic, minmay_misc_feat_chi, kennysheep_generic_room_7,
          uniq_blork_the_orc
D:7:      layout_rooms, mainiacjoe_overflow_small_starburst,
          mainiacjoe_overflow_alcove_1, evilmike_ruin_ashenzari, serial_shops,
          nicolae_take_the_stairs, nicolae_square_shop, nicolae_shop_crystal
D:8:      layout_gridville, david_lair_generic, uniq_maurice
D:9:      layout_roguey, nicolae_hepliaklqana_ecumenical_no_more
D:10:     layout_stronghold, trog_ov_bears_minmay, uniq_harold
D:11:     layout_basic
D:12:     hangedman_screamer, layout_irregular_city,
          minmay_orc_entry_temple_small, gammafunk_ghost_spectres, ice2_lemuel

Skill      XL: |  1  2  3  4  5  6  7  8  9 10 11 12 |
---------------+-------------------------------------+-----
Fighting       | 1 2 3 4 6 8 9 10 | 10.5
Stealth        | 5 6 7 9 11 | 11.2
Hexes          | 5 6 7 9 10 13 15 16 | 16.6
Short Blades   | 2 3 4 6 7 8 |  8.0
Ice Magic      | 1 2 3 4 |  4.0
Evocations     | 2 4 |  4.0
Spellcasting   | 3 4 |  4.0
Shields        | 3 5 |  5.0
Dodging        | |  2.1

Action                   |  1- 3 |  4- 6 |  7- 9 | 10-12 || total
-------------------------+-------+-------+-------+-------++-------
Melee: Dagger            |   129 |    91 |   200 |   495 ||   915
       Bite              |    15 |     9 |    22 |    78 ||   124
       Punch             |       |       |     2 |     2 ||     4
 Fire: Sling             |       |     1 |       |       ||     1
 Cast: Ensorcelled Hiber |    10 |    19 |    59 |    94 ||   182
       Confusing Touch   |       |       |     5 |    46 ||    51
       Tukima's Dance    |       |       |       |     5 ||     5
Invok: Lunge             |       |    12 |    26 |    49 ||    87
       Whirlwind         |       |       |     6 |    17 ||    23
       Serpent's Lash    |       |       |       |     1 ||     1
 Abil: Wall Jump         |       |       |       |     1 ||     1
  Use: Scroll            |       |    10 |     4 |     4 ||    18
       Potion            |       |       |     1 |       ||     1
 Stab: Sleeping          |    11 |    27 |    56 |    67 ||   161
       Confused          |       |       |     5 |    50 ||    55
       Distracted        |       |       |       |     1 ||     1
Armor: Robe              |    20 |    25 |    58 |   127 ||   230
Dodge: Dodged            |    82 |    43 |    97 |   256 ||   478
Block: Buckler           |       |       |       |    91 ||    91

Table legend: (Time is in decaauts)
 A = Elapsed time spent in this place.
 B = Non-inter-level travel time spent in this place.
 C = Inter-level travel time spent in this place.
 D = Time resting spent in this place.
 E = Time spent auto-exploring this place.
 F = Levels seen in this place.
 G = Mean time per level.
                   A        B        C        D        E       F      G
               +--------+--------+--------+--------+--------+-----+--------+
         Total |   9566 |   8759 |    807 |    346 |   5926 |  12 |  797.2 |
       Dungeon |   9566 |   8759 |    807 |    346 |   5926 |  12 |  797.2 |
               +--------+--------+--------+--------+--------+-----+--------+

Top non-repeatable levels by time:
     D:3: 1164 daAuts
    D:12: 1075 daAuts
    D:10: 1003 daAuts
     D:4: 888 daAuts
     D:1: 832 daAuts
     D:6: 802 daAuts
    D:11: 759 daAuts
     D:5: 695 daAuts
     D:9: 664 daAuts
     D:8: 590 daAuts
     D:7: 584 daAuts
     D:2: 504 daAuts
